 Dungeon Crawl Stone Soup version 0.21-a0-529-g8c7b3f5 (webtiles) character file.

64 slep the Chopper (level 3, 0/40 HPs)
             Began as a Demonspawn Gladiator on Dec 11, 2017.
             Succumbed to an adder's poison
             ... on level 2 of the Dungeon.
             The game lasted 00:03:51 (1225 turns).

slep the Chopper (Demonspawn Gladiator)             Turns: 1225, Time: 00:03:52

Health: 0/40       AC: 21    Str: 15    XL:     3   Next: 91%
Magic:  3/3        EV:  2    Int:  9    God:
Gold:   77         SH:  0    Dex: 14    Spells: 2/2 levels left

rFire    . . .     SeeInvis .   a - +0 war axe
rCold    . . .     Gourm    .   (no shield)
rNeg     + + +     Faith    .   (armour currently unavailable)
rPois    +         Spirit   .   (helmet currently unavailable)
rElec    .         Reflect  .   (cloak currently unavailable)
rCorr    .         Harm     .   (gloves currently unavailable)
MR       .....     NoTele   +   (boots currently unavailable)
Stlth    +.........             h - amulet of rage
HPRegen  0.13/turn              (no ring)
MPRegen  0.08/turn              (no ring)

@: lethally poisoned (0 -> -6), tree-form
A: no striking features
a: Evoke Berserk Rage


You were on level 2 of the Dungeon.
You were not hungry.
You were a tree.
You visited 1 branch of the dungeon, and saw 2 of its levels.

You collected 77 gold pieces.

Inventory:

Hand Weapons
 a - a +0 war axe (weapon)
Missiles
 d - 3 throwing nets (quivered)
Armour
 b - a +0 leather armour (melded)
 c - a +0 helmet (melded)
Jewellery
 h - an amulet of rage (around neck)
Scrolls
 j - 2 scrolls of identify {unknown}
 k - a scroll of amnesia {unknown}
 m - a scroll of random uselessness {unknown}
 o - 2 scrolls of remove curse {unknown}
 q - 3 scrolls of blinking {unknown}
Potions
 e - a potion of lignification
 l - 2 potions of heal wounds {unknown}
 p - 2 potions of ambrosia {unknown}
Comestibles
 f - 3 bread rations
 g - a royal jelly
 i - 4 fruits
 n - a meat ration


   Skills:
 + Level 2.1 Fighting
 + Level 3.7 Axes
 + Level 2.0 Throwing
 + Level 0.3 Armour
 + Level 3.1 Dodging
 + Level 0.3 Stealth


You had 2 spell levels left.
You didn't know any spells.

Dungeon Overview and Level Annotations

Branches:
Dungeon (2/15)

Altars:
The Shining One


Innate Abilities, Weirdness & Mutations

((You are partially covered in molten scales. (AC +2)))


Message History

The adder is moderately wounded.
* * * LOW HITPOINT WARNING * * *
You feel sick. The adder bites you.
* * * LOW HITPOINT WARNING * * *
You are lethally poisoned!
The adder poisons you!
You miss the adder.
The adder is moderately wounded.
* * * LOW HITPOINT WARNING * * *
You feel sick. The adder closely misses you. The adder barely misses you.
You barely miss the adder.
The adder is moderately wounded.
* * * LOW HITPOINT WARNING * * *
You feel sick. The adder misses you. The adder bites you.
* * * LOW HITPOINT WARNING * * *
It was a potion of lignification.
You turn into a tree.
Your +0 helmet melds into your body.
Your +0 leather armour melds into your body.
Your roots penetrate the ground.
You die...

. #. #.......# . .. #.
#.......# . ......
#.......# .# ....##
#.......###.## ......
#............# ......
...........# ......
#..S.....# ......
#..♣.....# ......
#........### ......
#######............ ......
#.........................
#........#............###.
#..................... #.
#.................... #.
#.......>...........# ##
###.......)........# #


You could see an adder.

Vanquished Creatures
  An adder (D:2)
  2 oozes (D:2)
  A ball python (D:2)
  3 giant cockroaches
  7 goblins
  8 hobgoblins
  2 jackals (D:1)
  3 bats
  2 frilled lizards
  7 kobolds
  5 rats
41 creatures vanquished.

Notes
Turn   | Place    | Note
-------+----------+-------------------------------------------
     0 | D:1      | slep the Demonspawn Gladiator began the quest for the Orb.
     0 | D:1      | Reached XP level 1. HP: 16/16 MP: 1/1
   128 | D:1      | Gained mutation: You are partially covered in molten scales. (AC +2) [demonic ancestry]
   128 | D:1      | Reached XP level 2. HP: 21/22 MP: 2/2
   800 | D:2      | Reached XP level 3. HP: 27/27 MP: 3/3
  1082 | D:2      | Found a glowing golden altar of the Shining One.
  1224 | D:2      | HP: 1/27 [adder (3)]
  1225 | D:2      | Succumbed to an adder's poison

Vault maps used:
D:1:      moated_graveyard_arrival
D:2:      nicolae_tso_carved_into_rock, first_bread, minmay_misc_feat_roman,
          minmay_strange_pillars

Skill      XL: |  1  2 |
---------------+-------+-----
Dodging        | 3 |  3.1
Axes           | 3 |  3.7
Throwing       | 2 |  2.0
Fighting       | |  2.1
Armour         | |  0.3
Stealth        | |  0.3

Action                   || total
-------------------------++-------
Melee: War axe           ||   130
  Use: Potion            ||     1
 Stab: Sleeping          ||     2
  Eat: Chunk             ||     1
Armor: Leather armour    ||    38
Dodge: Dodged            ||   117

Table legend:
 A = Spawn XP
 B = Non-spawn XP
 C = Spawn XP percentage of total XP
 D = Spawn monster count
 E = Non-spawn monster count
 F = Spawn count percentage of total count
 G = Total turns spent on level
                    A         B        C        D         E        F      G
               +---------+---------+-------+---------+---------+-------+---------
         Total |       0 |      92 |   0.0 |       0 |      41 |   0.0 |  1225
               +---------+---------+-------+---------+---------+-------+---------
           D:1 |       0 |      35 |   0.0 |       0 |      21 |   0.0 |   725
           D:2 |       0 |      57 |   0.0 |       0 |      20 |   0.0 |   500
               +---------+---------+-------+---------+---------+-------+---------
